General information
- name: 1v1 pros&obs /w tek9 #3
- type: Custom game
- host: NightLight-
- saver: TIMG4STrok
map: TerenasStand
- players: 6
- length: 13:11
- speed: Fast
- version: 1.24 W3XP
- replay type:

» download(58 KB)
Players
team 1 (winner)
NightLight- (
red | 128 APM | 1683 actions | 13:11)
3 Demon Hunter
2 Mana Burn
1 Evasion
1 Beastmaster
1 Summon Quilbeast
2 Goblin Tinker
1 Pocket Factory
1 Engineering Upgrade
» actions
| Assign group hotkey | 45 | |
| Basic commands | 97 | |
| Build / train | 60 | |
| ESC pressed | 1 | |
| Enter build submenu | 11 | |
| Enter hero's abilities submenu | 6 | |
| Give item / drop item | 4 | |
| Right click | 714 | |
| Select / deselect | 261 | |
| Select group hotkey | 396 | |
| Use ability | 88 | |
1683 total
» units
| Wisp | 12 | |
| Archer | 5 | |
| Druid of the Talon | 11 | |
| Faerie Dragon | 1 | |
29 total
» upgrades
| Druid of the Talon Training | 2 | |
| Nature's Blessing | 1 | |
3 total
» buildings
| Altar of Elders | 1 | |
| Moon Well | 5 | |
| Ancient of War | 1 | |
| Tree of Ages | 1 | |
| Ancient of Wonders | 1 | |
| Ancient of Wind | 2 | |
| Tree of Eternity | 1 | |
12 total
» build order
00:04 Altar of Elders
00:18 Moon Well
00:22 Ancient of War
01:44 Moon Well
02:50 Tree of Ages
03:00 Moon Well
03:26 Moon Well
04:12 Ancient of Wonders
05:20 Ancient of Wind
05:22 Tree of Eternity
06:35 Ancient of Wind
08:42 Moon Well
» items
| Boots of Speed | 1 | |
| Staff of Preservation | 1 | |
| Moonstone | 3 | |
| Orb of Venom | 1 | |
| Lesser Clarity Potion | 2 | |
| Potion of Healing | 2 | |
| Scroll of Healing | 1 | |
11 total
team 2 (loser)
TIMG4STrok (
gray | 174 APM | 2299 actions | 13:11)
3 Blademaster
1 Wind Walk
2 Critical Strike
2 Tauren Chieftain
1 Shockwave
1 Endurance Aura
» actions
| Assign group hotkey | 29 | |
| Basic commands | 34 | |
| Build / train | 50 | |
| ESC pressed | 4 | |
| Enter build submenu | 10 | |
| Enter hero's abilities submenu | 5 | |
| Give item / drop item | 4 | |
| Right click | 1172 | |
| Select / deselect | 282 | |
| Select group hotkey | 632 | |
| Use ability | 77 | |
2299 total
» units
| Peon | 8 | |
| Grunt | 6 | |
| Spirit Walker | 4 | |
| Raider | 5 | |
23 total
» upgrades
| Berserker Strength | 1 | |
| Ensnare | 1 | |
| Spirit Walker Training | 2 | |
4 total
» buildings
| Altar of Storms | 1 | |
| Orc Burrow | 4 | |
| Barracks | 1 | |
| Stronghold | 2 | |
| Voodoo Lounge | 1 | |
| Spirit Lodge | 1 | |
| Beastiary | 2 | |
| Fortress | 1 | |
13 total
» build order
00:03 Altar of Storms
00:16 Orc Burrow
00:38 Barracks
01:23 Orc Burrow
02:54 Stronghold
02:54 Stronghold
03:22 Voodoo Lounge
03:46 Orc Burrow
05:18 Spirit Lodge
05:21 Beastiary
05:55 Beastiary
06:25 Orc Burrow
09:36 Fortress
» items
| Boots of Speed | 1 | |
| Circlet of Nobility | 1 | |
| Healing Salve | 4 | |
| Lesser Clarity Potion | 2 | |
| Scroll of Healing | 1 | |
| Scroll of Town Portal | 1 | |
| Orb of Lightning | 1 | |
11 total
observersSDFWESDER,
White.WoiF,
cG)LeGenD,
Arcilite Chat log
(00:20 / All) TIMG4STrok: lmao had my fingers on sd
(00:25 / All) TIMG4STrok: been playing too much starcraft...........
(00:32 / All) NightLight-: lol
(13:09 / All) TIMG4STrok: yeah gg